 Dungeon Crawl Stone Soup version 0.25-a0-571-gb5e01bddfa (webtiles) character file.

Game seed: 12106824437535178261, levelgen mode: deterministic

982 Eurus the Conjurer (level 7, -1/54 HPs)
             Began as a Mummy Conjurer on Feb 29, 2020.
             Was an Initiate of Ashenzari.
             Slain by an orc warrior
             ... wielding a +0 hand axe
              (17 damage)
             ... on level 6 of the Dungeon.
             The game lasted 00:19:37 (7528 turns).

Eurus the Conjurer (Mummy Conjurer)                 Turns: 7528, Time: 00:19:38

Health: -1/54      AC:  3    Str: 11    XL:     7   Next: 96%
Magic:  12/16      EV: 15    Int: 17    God:    Ashenzari [......]
Gold:   253        SH:  0    Dex: 12    Spells: 11/18 levels left

rFire    x . .     SeeInvis .   c - +4 dagger (venom)
rCold    + . .     Gourm    .   (no shield)
rNeg     + + +     Faith    .   a - +0 robe
rPois    ∞         Spirit   .   (no helmet)
rElec    .         Reflect  .   q - +0 cloak
rCorr    .         Harm     .   (no gloves)
MR       .....                  (no boots)
Stlth    ++........             (no amulet)
HPRegen  0.18/turn              d - +3 ring of evasion
MPRegen  0.15/turn              (no ring)

@: no status effects
A: no food or potions, fire vulnerability, cold resistance 1, negative energy
resistance 3, torment resistance, unbreathing
a: Curse Item, Renounce Religion


You were on level 6 of the Dungeon.
You worshipped Ashenzari.
Ashenzari was noncommittal.
You were not hungry.

You visited 2 branches of the dungeon, and saw 7 of its levels.
You also visited: Ossuary.

You collected 253 gold pieces.

Inventory:

Hand Weapons
 c - a +4 dagger of venom (weapon)
Armour
 a - a +0 robe (worn)
 q - a +0 cloak (worn)
 r - a +3 ring mail
Jewellery
 d - a +3 ring of evasion (left hand)
Wands
 f - a wand of random effects (38)
 h - a wand of clouds (5)
 l - a wand of disintegration (4)
Scrolls
 b - a scroll of fear
 e - 2 scrolls of identify
 g - 2 scrolls of teleportation
 i - 2 scrolls of amnesia
 j - 2 scrolls of remove curse
 k - 2 scrolls of fog
 m - a scroll of magic mapping
 n - a scroll of enchant weapon
 o - a scroll of blinking
 p - 2 scrolls of immolation


   Skills:
 + Level 4.2 Fighting
 + Level 1.0 Armour
 - Level 1.5 Dodging
 - Level 1.5 Stealth
 + Level 6.0 Spellcasting
 + Level 6.1 Conjurations
 + Level 1.0 Translocations


You had 11 spell levels left.
You knew the following spells:

 Your Spells              Type           Power        Failure   Level  Hunger
a - Magic Dart            Conj           ####         1%          1    N/A
b - Searing Ray           Conj           ####..       1%          2    N/A
c - Iskenderun's Mystic   Conj/Tloc      ###.....     28%         4    N/A

Your spell library contained the following spells:

 Spells                   Type           Power        Failure   Level  Hunger
 Dazzling Flash           Conj/Hex       ###...       11%         3    N/A
 Fulminant Prism          Conj/Hex       ###.......   36%         4    N/A

Dungeon Overview and Level Annotations

Branches:
Dungeon (6/15)             Temple (1/1) D:6         Ossuary (visited)

Altars:
Ashenzari
Cheibriados
Elyvilon
Fedhas
Gozag
Hepliaklqana
Kikubaaqudgha
Nemelex Xobeh
Okawaru
Ru
Sif Muna
Trog
Vehumet
Wu Jian
Xom
Yredelemnul
Zin


Innate Abilities, Weirdness & Mutations

You do not eat or drink.
Your flesh is vulnerable to fire.
You are immune to poison.
Your flesh is cold resistant. (rC+)
You are immune to negative energy. (rN+++)
You are immune to unholy pain and torment.
You can survive without breathing.


Message History

Casting: Searing Ray (safe; 1% risk of failure)
Confirm with . or Enter, or press ? or * to list all spells.
Aiming: Searing Ray (safe; 1% risk of failure)
Press: ? - help, Shift-Dir - straight line, f - orc warrior
Aim: an orc warrior, wielding a +0 hand axe and wearing a +0 plate armour The searing ray hits the orc warrior.
The orc warrior is lightly wounded. (Press . to maintain the ray.)
The searing ray misses the orc warrior.
The searing ray hits the orc warrior!
The orc warrior is heavily wounded.
The orc warrior hits you with a +0 hand axe!
You barely miss the orc warrior.
The orc warrior is heavily wounded.
The orc warrior hits you with a +0 hand axe!!
* * * LOW HITPOINT WARNING * * *
You closely miss the orc warrior.
The orc warrior is heavily wounded.
The orc warrior hits you with a +0 hand axe!
You die...

# ####.#.....###...<....
.##.##....#...............#
#.......##.^..#.....#...#.#
#.##.#..##..###..>..###.# #
#.##..........#.....#. .#
#.#####.##..............#
#<##......)#....###...#.#
#.........o#.....#...##.#
####......@#.....#..## .#
#.......####...%##
#.......# #..### #.........
...# #.......### #.#
######### .#


You could see an orc warrior.

Vanquished Creatures
  Menkaure (Ossuary)
  An ice beast (D:5)
  Blork the orc (D:4)
  A centaur skeleton (D:5)
  A hound (D:5)
  An orc priest (D:4)
  A bullfrog skeleton (D:5)
  A gnoll shaman (D:5)
  2 iguanas
  5 orc wizards
  3 worker ants
  3 mummies (Ossuary)
  4 gnolls (D:5)
  8 adders
  An ooze (D:2)
  An adder zombie (D:5)
  2 worms
  4 dart slugs
  2 leopard geckos
  13 orcs
  2 ball pythons
  9 bats
  3 giant cockroaches
  7 gnoll zombies (Ossuary)
  7 goblins
  6 hobgoblins
  2 jackals (D:1)
  3 quokkas (D:3)
  4 frilled lizards
  A giant cockroach zombie (D:5)
  6 goblin skeletons (Ossuary)
  2 goblin zombies (Ossuary)
  5 hobgoblin skeletons (Ossuary)
  7 hobgoblin zombies (Ossuary)
  A jackal skeleton (D:4)
  9 kobolds
  3 kobold skeletons (Ossuary)
  3 kobold zombies (Ossuary)
  A leopard gecko zombie (D:5)
  4 orc skeletons (Ossuary)
  4 orc zombies (Ossuary)
  19 rats (D:3)
  6 rat skeletons (Ossuary)
  2 rat zombies (Ossuary)
172 creatures vanquished.

Vanquished Creatures (others)
  A kobold skeleton (Ossuary)
1 creature vanquished.

Grand Total: 173 creatures vanquished

Notes
Turn   | Place    | Note
-------+----------+-------------------------------------------
     0 | D:1      | Eurus the Mummy Conjurer began the quest for the Orb.
     0 | D:1      | Reached XP level 1. HP: 13/13 MP: 4/4
   482 | D:1      | Reached XP level 2. HP: 20/20 MP: 3/6
   488 | D:1      | Learned a level 2 spell: Searing Ray
   782 | D:1      | Reached skill level 1 in Fighting
   902 | D:1      | Reached XP level 3. HP: 26/26 MP: 7/7
  1109 | D:2      | Found a blossoming altar of Fedhas.
  1713 | D:2      | Reached XP level 4. HP: 26/32 MP: 6/9
  1781 | D:2      | Found a shimmering blue altar of Sif Muna.
  2316 | D:3      | Found a faded altar of an unknown god.
  2784 | D:3      | Reached XP level 5. HP: 16/38 MP: 2/11
  3033 | D:3      | Found a white marble altar of Elyvilon.
  3389 | D:4      | Found a sand-covered staircase.
  3396 | D:4      | Noticed Blork the orc
  3398 | Ossuary  | Entered an ossuary
  4598 | Ossuary  | Noticed Menkaure
  4608 | Ossuary  | Killed Menkaure
  4608 | Ossuary  | Reached skill level 5 in Conjurations
  4608 | Ossuary  | Reached XP level 6. HP: 47/47 MP: 4/13
  5183 | D:4      | Killed Blork the orc
  5183 | D:4      | Reached skill level 5 in Spellcasting
  5403 | D:4      | Reached XP level 7. HP: 36/52 MP: 6/14
  6143 | D:5      | Entered Level 5 of the Dungeon
  6439 | D:5      | Learned a level 4 spell: Iskenderun's Mystic Blast
  6635 | D:5      | Found a sacrificial altar of Ru.
  6644 | D:5      | Found an opulent altar of Gozag.
  6829 | D:5      | Found a basalt altar of Yredelemnul.
  7115 | D:6      | Found a staircase to the Ecumenical Temple.
  7124 | Temple   | Entered the Ecumenical Temple
  7351 | Temple   | Became a worshipper of Ashenzari the Shackled
  7468 | D:6      | Reached skill level 1 in Armour
  7468 | D:6      | Reached skill level 1 in Translocations
  7528 | D:6      | Slain by an orc warrior

Levels and vault maps discovered:
D:1:      eino_arrival_cavern_a, layout_loops_ring
D:2:      layout_loops_cross, fedhas_altar_4, lemuel_coloured_pillars_altar,
          kennysheep_generic_room_14
D:3:      layout_loops_cross, elyvilon_altar_3,
          chequers_ecumenical_altar_simple, minmay_misc_feat_ornament,
          minmay_rat_hole
D:4:      layout_cave_pods, nicolae_ossuary_entry_ruins, uniq_blork_the_orc
D:5:      layout_rooms, grunt_gozag_breadcrumbs, lemuel_crystal_altar,
          lemuel_crystal_altar, first_ration, minmay_tree_intersection
D:6:      layout_loops_cross, marbit_many_paths, minmay_temple_entry_tees
Temple:   minmay_temple_curvy_loop

Skill      XL: |  1  2  3  4  5  6  7 |
---------------+----------------------+-----
Spellcasting   | 3 4 5 6 |  6.0
Fighting       | 1 2 3 4 |  4.2
Conjurations   | 4 5 6 |  6.1
Armour         | 1 |  1.0
Translocations | 1 |  1.0
Dodging        | |  1.5
Stealth        | |  1.5

Action                   |  1- 3 |  4- 6 |  7- 9 || total
-------------------------+-------+-------+-------++-------
Melee: Unarmed           |    15 |       |       ||    15
       Dagger            |    45 |   163 |    34 ||   242
 Cast: Magic Dart        |    35 |     9 |     5 ||    49
       Searing Ray       |     3 |    32 |    18 ||    53
  Use: Scroll            |       |     6 |     3 ||     9
 Stab: Sleeping          |       |     5 |       ||     5
Armor: Robe              |    12 |    11 |     4 ||    27
Dodge: Dodged            |    54 |    85 |    42 ||   181

Table legend:
 A = Non-vault XP
 B = Vault XP
 C = Vault XP percentage of total XP
 D = Non-vault monster count
 E = Vault monster count
 F = Vault count percentage of total count
                 A         B        C        D         E       F
            +---------+---------+-------+---------+---------+-------
      Total |    1015 |     388 |  27.7 |      98 |      68 |  41.0
            +---------+---------+-------+---------+---------+-------
        D:1 |      43 |       0 |   0.0 |      20 |       0 |   0.0
        D:2 |      74 |       1 |   1.3 |      19 |       1 |   5.0
        D:3 |     161 |      20 |  11.0 |      23 |      19 |  45.2
        D:4 |     185 |      94 |  33.7 |       9 |       1 |  10.0
        D:5 |     514 |       0 |   0.0 |      25 |       0 |   0.0
        D:6 |      38 |       0 |   0.0 |       2 |       0 |   0.0
    Ossuary |       0 |     273 | 100.0 |       0 |      47 | 100.0
            +---------+---------+-------+---------+---------+-------
